AoeStats
← Red Calypso

African Clearing

505369206Analyzed
4v4 RM · 24d ago on Sep 9, 2026· 41m 2s· 8 players
Game mode
Random Map
Map size
Large (8 player)
Population
200
Speed
Normal
Resources
Standard
Victory
Conquest
Starting age
Dark Age
Ending age
Imperial Age
RankedLock teamsTeams togetherTeam positionsShared explorationLock speedFull tech treeHidden civsTurbo modeCheats
Victory
Defeat
🇺🇸 Koreans · United States
1421
+14
🇦🇹 Franks · Austria
1404
+15
🇺🇸 Persians · United States
1353
+17
🇨🇦 Huns · Canada
1227
+21
🇨🇱 Muisca · Chile
1474
-21
🇲🇽 Maya · Mexico
1360
-16
🇨🇷 Khmer · Costa Rica
1354
-16
🇲🇽 Portuguese · Mexico
1307
-14
Ice2207
10:35 Loom
13:19 Feudal Age
17:03 Castle Age
15:04 Double-Bit Axe
16:26 Fletching
18:32 Bow Saw
19:00 Bodkin Arrow
26:22 Ballistics
31:58 Horse Collar
39:53 Imperial Age
41:39 Chemistry
Shawn96
13:02 Feudal Age
13:50 Double-Bit Axe
14:52 Loom
16:40 Forging
17:27 Scale Barding Armor
20:15 Gold Mining
23:16 Castle Age
22:46 Fletching
22:57 Padded Archer Armor
23:51 Bloodlines
24:26 Bow Saw
29:07 Bodkin Arrow
30:20 Ballistics
30:36 Leather Archer Armor
32:42 Horse Collar
33:33 Town Watch
35:30 Heavy Plow
35:50 Husbandry
36:41 Thumb Ring
38:29 Wheelbarrow
Retrobution22
2:51 Loom
12:44 Feudal Age
13:18 Double-Bit Axe
16:48 Fletching
23:48 Horse Collar
26:39 Castle Age
25:13 Padded Archer Armor
25:56 Gold Mining
26:31 Crossbowman
36:23 Bodkin Arrow
Red Calypso
5:49 Loom
14:29 Feudal Age
15:21 Double-Bit Axe
19:45 Castle Age
19:49 Scale Barding Armor
27:31 Bow Saw
30:29 Chain Barding Armor
34:17 Forging
35:19 Husbandry
35:21 Gold Mining
37:16 Wheelbarrow
EXILE | Polag3K
9:34 Loom
12:08 Feudal Age
12:58 Double-Bit Axe
16:05 Fletching
17:41 Padded Archer Armor
25:30 Castle Age
25:33 Crossbowman
26:43 Bodkin Arrow
33:48 Leather Archer Armor
EXILE | Mancoazteca
3:18 Loom
12:40 Feudal Age
13:16 Double-Bit Axe
13:40 Town Watch
15:57 Fletching
17:33 Padded Archer Armor
24:34 Castle Age
22:51 Stone Mining
26:46 Gold Mining
37:06 Elite Skirmisher
38:14 Bodkin Arrow
39:44 Ballistics
La Chepa Marina
8:20 Loom
14:33 Feudal Age
15:46 Double-Bit Axe
18:38 Castle Age
16:30 Fletching
17:33 Padded Archer Armor
17:29 Gold Mining
18:41 Crossbowman
18:42 Elite Skirmisher
19:41 Bodkin Arrow
20:29 Champi Runner
27:51 Elite Skirmisher
28:38 Champi Warrior
30:42 Squires
EXILE | Ale
5:00 Loom
13:50 Feudal Age
17:20 Castle Age
15:42 Double-Bit Axe
22:02 Scale Barding Armor
29:39 Husbandry
31:46 Bloodlines
35:12 Bow Saw
37:15 Chain Barding Armor
Connection lost

Rejoining the realm…

Still unreachable

The connection could not be restored.

Session expired

The server has moved on; the page needs a fresh start.